 Dungeon Crawl Stone Soup version 0.28.0-53-g5a82cb258f (webtiles) character file.

Game seed: 18231173904464800868

30 Tiocfaidh the Grave Robber (level 3, -2/19 HPs)
             Began as a Gargoyle Necromancer on June 11, 2022.
             Slain by Terence
             ... wielding a +0 falchion
              (6 damage)
             ... on level 2 of the Dungeon.
             The game lasted 00:09:30 (1117 turns).

Tiocfaidh the Grave Robber (Gargoyle Necromancer)   Turns: 1117, Time: 00:09:30

Health: -2/19      AC:  5    Str: 11    XL:     3   Next: 20%
Magic:  6/6        EV: 12    Int: 15    God:
Gold:   35         SH:  0    Dex: 12    Spells: 5/6 levels left

rFire   . . .      SeeInvis .   c - +0 spear
rCold   . . .      Faith    .   (no shield)
rNeg    + . .      Spirit   .   a - +0 robe
rPois   ∞          Reflect  .   (no helmet)
rElec   +          Harm     .   (no cloak)
rCorr   .          Rampage  .   (no gloves)
Will    .....                   (no boots)
Stlth   ++........              (no amulet)
HPRegen 0.06/turn               (no ring)
MPRegen 0.10/turn               (no ring)

@: no status effects
A: sickness immunity, AC +3, negative energy resistance 1, electricity
resistance, torment resistance 1, petrification resistance
a: no special abilities


You were on level 2 of the Dungeon.
You visited 1 branch of the dungeon, and saw 2 of its levels.

You collected 35 gold pieces.

Inventory:

Hand Weapons
 c - a +0 spear (weapon)
Missiles
 b - 2 silver boomerangs (quivered)
 i - 2 boomerangs
Armour
 a - a +0 robe (worn)
Scrolls
 f - 4 scrolls of teleportation {unknown}
 h - a scroll of fear {unknown}
Potions
 d - a potion of heal wounds {unknown}
 e - a potion of flight {unknown}
 g - 2 potions of cancellation {unknown}


   Skills:
 + Level 0.3 Fighting
 + Level 1.6 Throwing
 + Level 1.5 Dodging
 + Level 2.3 Stealth
 + Level 2.0 Spellcasting
 + Level 3.6 Necromancy


You had 5 spell levels left.
You knew the following spells:

 Your Spells              Type           Power      Damage    Failure   Level
a - Pain                  Necr           48%        1d6       4%          1

Your spell library contained the following spells:

 Spells                   Type           Power      Damage    Failure   Level
 Animate Skeleton         Necr           24%        N/A       4%          1
 Vampiric Draining        Necr           12%        2d6       16%         3
 Animate Dead             Necr           6%         N/A       45%         4
 Agony                    Necr           12%        N/A       80%         5
 Leda's Liquefaction      Hex/Erth       0%         N/A       91%         4
 Lee's Rapid Deconstruct  Erth           0%         3d5*      99%         5
 Statue Form              Tmut/Erth      Unusable   N/A       N/A         6

Dungeon Overview and Level Annotations

Branches:
Dungeon (2/15)

Altars:

Shops:
D:1 *

Annotations:
D:2 Terence


Innate Abilities, Weirdness & Mutations

You are immune to sickness and miasma.
Your stone body is resilient. (AC +3)
You are immune to poison.
You resist negative energy. (rN+)
You are resistant to electric shocks. (rElec)
You are resistant to unholy torment.
You are immune to petrification.


Message History

The silver boomerang hits Terence but does no damage.
Terence is lightly wounded.
Throw: 2 boomerangs (silver)
Press: ? - help, Q - select action, (/) - cycle Shift-Dir - straight line, f/p - Terence
Aim: Terence, wielding a +0 falchion and wearing a +0 chain mail (lightly wounded, 64% to hit)
You throw a silver boomerang.
The silver boomerang hits Terence but does no damage.
Terence is lightly wounded.
You hit Terence but do no damage.
Terence is lightly wounded.
Terence closely misses you.
You hit Terence but do no damage.
Terence is lightly wounded.
Terence misses you.
You hit Terence.
Terence is moderately wounded.
Terence hits you with a +0 falchion.
You barely miss Terence.
Terence is moderately wounded.
Terence barely misses you. Terence hits you with a +0 falchion.
You hit Terence.
Terence is heavily wounded.
Terence closely misses you.
You closely miss Terence.
Terence is heavily wounded.
Terence hits you with a +0 falchion.
You hit Terence but do no damage.
Terence is heavily wounded.
Terence hits you but does no damage.
You closely miss Terence.
Terence is heavily wounded.
Terence hits you with a +0 falchion.
You hit Terence but do no damage.
Terence is moderately wounded.
Terence hits you with a +0 falchion.
* * * LOW HITPOINT WARNING * * *
You closely miss Terence.
Terence is moderately wounded.
Terence hits you with a +0 falchion.
You die...

.# .# .# ######.#####
#........... #.......##
#### #.###........# ....
#...@@.....## ..#
...............# ...
...###.........# #.# .
#_###...†...# #.# #.#
... #..###'## ####.# #.#
### #.###...## #.....
#.#.#2#.#.##.....##
#.####
#.#.###.#.#.......## #.#
#.#8...8#..........###.#


You could see Terence.

Vanquished Creatures
  4 endoplasms (D:1)
  2 giant cockroaches (D:1)
  3 goblins (D:1)
  4 hobgoblins
  2 jackals (D:1)
  2 kobolds
  5 ball pythons
  3 bats
  2 frilled lizards
27 creatures vanquished.

Notes
Turn   | Place    | Note
-------+----------+-------------------------------------------
     0 | D:1      | Tiocfaidh the Gargoyle Necromancer began the quest for the
                  | Orb.
     0 | D:1      | Reached XP level 1. HP: 10/10 MP: 3/3
   111 | D:1      | Found Qiraru's General Store.
   150 | D:1      | Reached XP level 2. HP: 15/15 MP: 5/5
   372 | D:1      | Reached skill level 1 in Throwing
   766 | D:2      | Reached XP level 3. HP: 15/19 MP: 6/6
  1035 | D:2      | Found a faded altar of an unknown god.
  1035 | D:2      | Noticed a tormentor
  1101 | D:2      | Noticed Terence
  1117 | D:2      | Slain by Terence

Illustrated notes

Levels and vault maps discovered:
D:1:      ebering_trefoil_3fold, layout_basic, serial_shops, shop
D:2:      layout_loops_corners, basic_altar,
          dreamdust_ecumenical_altar_sealed_demon, st_stairs_5, uniq_terence

Skill      XL: |  1  2 |
---------------+-------+-----
Throwing       | 1 |  1.6
Fighting       | |  0.3
Dodging        | |  1.5
Stealth        | |  2.3
Spellcasting   | |  2.0
Necromancy     | |  3.6

Action                   || total
-------------------------++-------
Melee: Spear             ||    28
Throw: Boomerang         ||    77
Armor: Robe              ||    19
Dodge: Dodged            ||    30
